 Dungeon Crawl Stone Soup version 0.30.0 (webtiles) character file.

Game seed: 17068449573567564370

41 samcosmo the Cudgeller (level 3, -2/30 HPs)
             Began as a Draconian Warper on July 5, 2023.
             Slain by an adder (3 damage)
             ... on level 2 of the Dungeon.
             The game lasted 00:01:50 (1124 turns).

samcosmo the Cudgeller (Draconian Warper)           Turns: 1124, Time: 00:01:51

Health: -2/30      AC:  5    Str: 15    XL:     3   Next: 32%
Magic:  6/6        EV: 12    Int: 13    God:
Gold:   17         SH:  0    Dex: 10    Spells: 6/6 levels left

rFire   . . .        a - +0 mace
rCold   . . .        (no shield)
rNeg    . . .        (body armour unavailable)
rPois   .            (helmet restricted)
rElec   .            (no cloak)
rCorr   .            (no gloves)
SInv    .            (no boots)
Will    .....        (no amulet)
Stlth   +            (no ring)
HPRegen 0.25/turn    (no ring)
MPRegen 0.10/turn

%: no passive effects
@: lethally poisoned (-2 -> -7)
A: AC +5, unfitting armour, cold-blooded
a: no special abilities


You were on level 2 of the Dungeon.
You visited 1 branch of the dungeon, and saw 2 of its levels.

You collected 17 gold pieces.

Inventory:

Hand Weapons
 a - a +0 mace (weapon)
Missiles
 c - 7 boomerangs of dispersal (quivered)
 f - a throwing net
Scrolls
 b - 2 scrolls of blinking
 d - 3 scrolls of identify
 e - a scroll of teleportation


   Skills:
 + Level 2.9 Fighting
 * Level 3.3 Maces & Flails
 - Level 0.8 Throwing
 - Level 2.1 Dodging
 - Level 2.0 Spellcasting
 - Level 3.0 Translocations


You had 6 spell levels left.
You didn't know any spells.
Your spell library contained the following spells:

 Spells                   Type           Power      Damage    Failure   Level
 Blink                    Tloc           18%        N/A       11%         2
 Lesser Beckoning         Tloc           18%        N/A       11%         2
 Teleport Other           Tloc           9%         N/A       22%         3
 Portal Projectile        Hex/Tloc       10%        N/A       38%         3
 Vhi's Electric Charge    Tloc/Air       10%        N/A       38%         3
 Call Canine Familiar     Summ           1%         N/A       58%         3
 Manifold Assault         Tloc           9%         N/A       58%         4
 Leda's Liquefaction      Hex/Erth       0%         N/A       94%         4
 Storm Form               Tmut/Air       0%         N/A       100%        7


Dungeon Overview and Level Annotations

Branches:
Dungeon (2/15)

Altars:

Annotations:
D:2 Jessica


Innate Abilities, Weirdness & Mutations

Your plain brown scales are hard. (AC +5)
You cannot fit into any form of body armour.
You are cold-blooded and may be slowed by cold attacks.


Message History

You closely miss the adder. The adder bites you.
Jessica very coldly says, "I hate your company."
Jessica casts a spell.
Jessica blinks!
The adder barely misses you. The adder bites you but does no damage.
You miss the adder. Your punch misses the adder.
The adder completely misses you. The adder bites you but does no damage.
You barely miss the adder. The adder bites you.
You are poisoned.
The adder poisons you!
Jessica gestures wildly while chanting.
Jessica blinks!
The adder bites you. x2
You are more poisoned.
The adder poisons you!
You aren't carrying any potions.
You miss the adder.
Your tail-slap misses the adder.
You feel very sick. The adder bites you.
The adder bites you but does no damage.
Jessica mumbles some strange words.
Jessica seems to speed up.
You hit the adder but do no damage.
You feel very sick. The adder bites you.
* * * LOW HITPOINT WARNING * * *
You are lethally poisoned!
The adder poisons you! The adder barely misses you.
As you read the scroll labelled USIRET CECER, it crumbles to dust.
It is a scroll of identify.
e - a scroll of teleportation
* * * LOW HITPOINT WARNING * * *
You feel very sick. The adder bites you but does no damage.
The adder misses you.
Okay, then.
Unknown command.
You miss the adder.
You feel yourself speed up.
* * * LOW HITPOINT WARNING * * *
You feel very sick. The adder closely misses you. The adder bites you.
You die...

#.........#........
#.........#........
#.........#####....
#.........# ....
##........# ....
#........# ###
#........#
#........#
#@######## #S#
#wb@..b...
#.....#### #.....#
#(...... #........
#.........
#.........


You could see an adder, a dart slug, Jessica (fast) and a bat.

Vanquished Creatures
  An adder (D:2)
  3 endoplasms (D:1)
  A giant cockroach (D:1)
  5 hobgoblins (D:1)
  A kobold (D:1)
  2 quokkas (D:1)
  3 ball pythons
  5 bats
  2 frilled lizards
  5 goblins
28 creatures vanquished.

Notes
Turn   | Place    | Note
-------+----------+-------------------------------------------
     0 | D:1      | samcosmo the Draconian Warper began the quest for the Orb.
     0 | D:1      | Reached XP level 1. HP: 17/17 MP: 3/3
   205 | D:1      | Reached XP level 2. HP: 25/25 MP: 5/5
   324 | D:1      | Found a faded altar of an unknown god.
   948 | D:2      | Reached XP level 3. HP: 24/30 MP: 6/6
  1111 | D:2      | Noticed Jessica
  1124 | D:2      | HP: 1/30 [poisoned by an adder]
  1124 | D:2      | Slain by an adder

Illustrated notes

Levels and vault maps discovered:
D:1:      amcnicky_arrival_single_pillar, layout_rooms,
          ebering_ecumenical_altar_hall, serial_rivers,
          chequers_serial_rivers_small_b, chequers_serial_rivers_large_a,
          chequers_serial_rivers_room_b, chequers_serial_rivers_room_b,
          chequers_serial_rivers_micro_c
D:2:      layout_basic, uniq_jessica

Skill      XL: |  1  2 |
---------------+-------+-----
Maces & Flails | 3 |  3.3
Fighting       | |  2.9
Throwing       | |  0.8
Dodging        | |  2.1
Spellcasting   | |  2.0
Translocations | |  3.0

Action                     || total
---------------------------++-------
  Melee: Mace              ||   120
         Tailslap          ||     7
         Punch             ||     1
    Use: Scroll            ||     1
 Armour: Skin              ||    56
  Dodge: Dodged            ||   111
